 Dungeon Crawl Stone Soup version 0.19-a0-583-g665d810 (webtiles) character file.

73 TheGoonsmith the Magician (level 4, -2/24 HPs)
             Began as a Deep Elf Fire Elementalist on June 9, 2016.
             Killed from afar by an orc wizard (5 damage)
             ... with a magic dart
             ... on level 3 of the Dungeon.
             The game lasted 00:03:36 (2196 turns).

TheGoonsmith the Magician (DEFE)                    Turns: 2196, Time: 00:03:36

Health: -2/24      AC:  2    Str:  5    XL:     4   Next: 8%
Magic:  8/12       EV: 13    Int: 20    God:
Gold:   94         SH:  0    Dex: 16    Spells: 1 memorised, 10 levels left

rFire  . . .     SeeInvis .     f - +0 dagger
rCold  . . .     Gourm    .     a - +0 robe
rNeg   . . .     Faith    .     (no shield)
rPois  .         Spirit   .     (no helmet)
rElec  .         Dismiss  .     (no cloak)
rCorr  .         Reflect  .     (no gloves)
SustAt .         Harm     .     (no boots)
MR     .....                    (no amulet)
Stlth  ++........               (no ring)
                                (no ring)

@: not resistant to hostile enchantments, unstealthy
A: no striking features
a: no special abilities


You were on level 3 of the Dungeon.
You were not hungry.

You visited 1 branch of the dungeon, and saw 3 of its levels.

You collected 94 gold pieces.

Inventory:

Hand Weapons
 f - a +0 dagger (weapon)
Armour
 a - a +0 robe (worn)
Jewellery
 i - an uncursed amulet of regeneration {unknown}
Scrolls
 g - 2 scrolls of magic mapping {unknown}
 k - 3 scrolls of identify {unknown}
Potions
 e - 3 potions of curing {unknown}
 h - a potion of brilliance {unknown}
 l - a potion of berserk rage {unknown}
 n - a potion of degeneration {unknown}
Books
 b - a book of Flames

   Spells                             Type                      Level
   a - Flame Tongue                   Conjuration/Fire             1
   b - Throw Flame                    Conjuration/Fire             2
   c - Conjure Flame                  Conjuration/Fire             3
   d - Inner Flame                    Hexes/Fire                   3
   e - Sticky Flame                   Conjuration/Fire             4
   f - Fireball                       Conjuration/Fire             5
Comestibles
 c - a bread ration
 d - 3 meat rations
 j - a slice of pizza
 m - a beef jerky
 o - a chunk of flesh


   Skills:
 - Level 2.4 Dodging
 - Level 2.4 Stealth
 + Level 4.2 Spellcasting
 * Level 3.4 Conjurations
 * Level 3.4 Fire Magic


You had 10 spell levels left.
You knew the following spells:

 Your Spells              Type           Power        Failure   Level  Hunger
a - Flame Tongue          Conj/Fire      ###..        3%          1    None


Dungeon Overview and Level Annotations

Branches:
Dungeon (3/15)

Altars:
Ashenzari
Dithmenos
Fedhas
Trog
Uskayaw
Yredelemnul
The Shining One


Message History

The flame tongue hits the orc wizard.
The orc wizard appears unharmed.
The orc wizard is heavily wounded.
The orc wizard hits you with a dagger.
* * * LOW HITPOINT WARNING * * *
The orc wizard closely misses you.
Casting: Flame Tongue
Confirm with . or Enter, or press ? or * to list all spells.
Aiming: Flame Tongue
Press: ? - help, Shift-Dir - straight line, f/p - orc wizard
Aim: an orc wizard, wielding a dagger and wearing a robe (moderately wounded, fast)
The flame tongue hits the orc wizard.
The orc wizard is severely wounded.
The orc wizard hits you with a dagger.
* * * LOW HITPOINT WARNING * * *
The orc wizard points at you and mumbles some strange words.
The puff of flame hits you!
* * * LOW HITPOINT WARNING * * *
The orc wizard gestures at you while chanting.
The magic dart hits you!
You die...

... #.#.# # .... ..
#.#.#.# #
....?#.###.#.#.#.#
.....#.#.........##
...o..............#
.o...........####.#
....#........# #.#
... #.......o####.# .
###^.....o.@#.#
.......##......)###
.##...............#
.................<#
..................#
..................#
......#.#...........#
.........#.########.#
....#. .#


You could see an orc wizard and an orc.

Vanquished Creatures
  An adder (D:2)
  2 oozes (D:2)
  A worm (D:2)
  2 dart slugs (D:2)
  2 giant geckos (D:2)
  An orc (D:3)
  A giant cockroach (D:2)
  5 goblins
  9 hobgoblins
  2 jackals (D:2)
  2 quokkas (D:2)
  5 bats (D:2)
  3 kobolds (D:2)
  6 rats
42 creatures vanquished.

Notes
Turn   | Place    | Note
--------------------------------------------------------------
     0 | D:1      | TheGoonsmith the Deep Elf Fire Elementalist began the quest for the Orb.
     0 | D:1      | Reached XP level 1. HP: 10/10 MP: 6/6
   391 | D:1      | Reached XP level 2. HP: 15/15 MP: 4/8
   908 | D:2      | Found a glowing golden altar of the Shining One.
  1096 | D:2      | Found a hide-covered altar of Uskayaw.
  1111 | D:2      | Reached XP level 3. HP: 14/19 MP: 2/10
  1414 | D:2      | Reached skill level 4 in Spellcasting
  1675 | D:2      | Found a bloodstained altar of Trog.
  1770 | D:2      | Found a shadowy altar of Dithmenos.
  1782 | D:2      | Found a basalt altar of Yredelemnul.
  1783 | D:2      | Found a shattered altar of Ashenzari.
  1784 | D:2      | Found a blossoming altar of Fedhas.
  1853 | D:2      | Reached XP level 4. HP: 23/24 MP: 7/12
  2196 | D:3      | Killed from afar by an orc wizard

Vault maps used:
D:1:      minmay_arrival_diagonal_passages
D:2:      tso_oasis_becter, lemuel_crystal_altar, lightli_temple_of_fire,
          minitemple, nicolae_overflow_hidden_temple, minmay_circled_x
D:3:      wad_pebble_path, overflow_temple_1_default, lemuel_round_altar,
          minmay_misc_feat_more_columns

Skill      XL: |  1  2  3 |
---------------+----------+-----
Conjurations   | 2 3 |  3.4
Spellcasting   | 4 |  4.2
Dodging        | |  2.4
Stealth        | |  2.4
Fire Magic     | |  3.4

Action                   |  1- 3 |  4- 6 || total
-------------------------+-------+-------++-------
Melee: Dagger            |    12 |       ||    12
 Cast: Flame Tongue      |    67 |    11 ||    78
  Eat: Chunk             |     2 |     2 ||     4
Armor: Robe              |     3 |     1 ||     4
Dodge: Dodged            |    20 |     3 ||    23
